 Dungeon Crawl Stone Soup version 0.24.0-2-g5b39cebb1c (webtiles) character file.

Game seed: 3618587238872474030, levelgen mode: deterministic

241 Mrkan the Skirmisher (level 5, -1/46 HPs)
             Began as a Centaur Fighter on Oct 31, 2019.
             Slain by an orc wizard
             ... wielding a +0 dagger of electrocution
              (16 damage)
             ... on level 4 of the Dungeon.
             The game lasted 00:06:22 (3235 turns).

Mrkan the Skirmisher (Centaur Fighter)              Turns: 3235, Time: 00:06:23

Health: -1/46      AC: 13    Str: 20    XL:     5   Next: 80%
Magic:  5/5        EV:  3    Int:  7    God:
Gold:   107        SH:  8    Dex:  8    Spells: 4/4 levels left

rFire    . . .     SeeInvis .   a - +0 long sword
rCold    . . .     Gourm    .   c - +0 shield
rNeg     . . .     Faith    .   b - +0 scale mail
rPois    .         Spirit   .   p - +0 helmet
rElec    .         Reflect  .   (no cloak)
rCorr    .         Harm     .   i - +0 pair of gloves
MR       .....                  y - +0 centaur barding
Stlth    ..........             (no amulet)
HPRegen  0.15/turn              (no ring)
MPRegen  0.09/turn              (no ring)

@: very quick
A: large, hooves 3, deformed body, speed 2, tough skin 3
a: no special abilities


You were on level 4 of the Dungeon.
You were hungry.

You visited 1 branch of the dungeon, and saw 4 of its levels.

You collected 107 gold pieces.

Inventory:

Hand Weapons
 a - a +0 long sword (weapon)
Armour
 b - a +0 scale mail (worn)
 c - a +0 shield (worn)
 i - a +0 pair of gloves (worn)
 p - a +0 helmet (worn)
 y - a +0 centaur barding (worn)
Jewellery
 m - a cursed ring of attention {unknown}
 n - an uncursed amulet of the acrobat {unknown}
Wands
 w - a wand of digging (3)
Scrolls
 e - 4 scrolls of identify {unknown}
 h - 4 scrolls of remove curse {unknown}
 k - a scroll of fog {unknown}
 l - 2 scrolls of teleportation {unknown}
 q - 2 scrolls of enchant weapon {unknown}
 u - a scroll of magic mapping {unknown}
 v - a scroll of enchant armour {unknown}
Potions
 d - a potion of might
 g - a potion of mutation {unknown}
 j - a potion of experience {unknown}
 o - a potion of flight {unknown}
 r - a potion of curing {unknown}
 s - a potion of brilliance {unknown}
 t - 2 potions of heal wounds {unknown}
 x - a potion of lignification {unknown}
Comestibles
 f - 8 rations


   Skills:
 + Level 4.1 Fighting
 * Level 4.1 Long Blades
 - Level 2.1 Armour
 + Level 3.1 Shields


You had 4 spell levels left.
You didn't know any spells.
Your spell library was empty.

Dungeon Overview and Level Annotations

Branches:
Dungeon (4/15)
 Temple: D:4-7

Altars:
Cheibriados
Elyvilon
Hepliaklqana
Kikubaaqudgha
Qazlal
Wu Jian
Zin

Annotations:
D:3 3 runed translucent doors, Chiseanne's ghost, amateur OpAE; Sar's ghost, amateur OgCj; ponobo's ghost, weakling DrCj


Innate Abilities, Weirdness & Mutations

You have hooves in place of feet.
Armour fits poorly on your strangely shaped body.
You cover ground very quickly.
You have extremely tough skin. (AC +3)


Message History

The orc wizard gestures at you while chanting.
The puff of frost hits you! You block the orc wizard's attack.
You hit the orc wizard.
The orc wizard is almost dead.
You block the orc wizard's attack. The orc barely misses you.
The orc wizard looks encouraged for a moment.
You block the orc wizard's attack. The orc hits you but does no damage.
You hit the orc wizard.
You kill the orc wizard!
The orc wizard hits you but does no damage.
You block the orc's attack. The orc hits you but does no damage.
The orc wizard hits you but does no damage.
You are electrocuted!
The orc hits you but does no damage.
Things that are here:
a +0 dagger; a +0 robe You hit the orc.
The orc is lightly wounded.
The orc wizard hits you but does no damage.
You are electrocuted!
You die...

. .. #.#..#######
. #.#........#
... #..........#
....###.........#
................#
................#
########........#
#........#
#.o@.....#
####o.o#####
#.......<.#
#.......[[#
#.........##
#..........##
#.........#.##
#...<.....##.#
#.........####


You could see an orc wizard and 2 orcs.

Vanquished Creatures
  A hound (D:4)
  An orc wizard (D:4)
  An iguana (D:4)
  Ijyb (D:4)
  Robin (D:3)
  4 adders
  2 oozes
  A worm (D:2)
  A dart slug (D:3)
  4 leopard geckos
  An orc (D:4)
  5 bats
  6 giant cockroaches
  17 goblins
  5 hobgoblins (D:3)
  A quokka (D:3)
  2 frilled lizards (D:2)
  7 kobolds
  8 rats
69 creatures vanquished.

Vanquished Creatures (others)
  A frilled lizard (D:1)
1 creature vanquished.

Grand Total: 70 creatures vanquished

Notes
Turn   | Place    | Note
-------+----------+-------------------------------------------
     0 | D:1      | Mrkan the Centaur Fighter began the quest for the Orb.
     0 | D:1      | Reached XP level 1. HP: 19/19 MP: 1/1
    33 | D:1      | Found a snail-covered altar of Cheibriados.
   119 | D:1      | Reached XP level 2. HP: 26/26 MP: 2/2
   531 | D:2      | Reached XP level 3. HP: 19/31 MP: 3/3
   776 | D:2      | Found a stormy altar of Qazlal.
   778 | D:2      | Found a hazy altar of Hepliaklqana.
   778 | D:2      | Found a white marble altar of Elyvilon.
   785 | D:2      | Found an ornate altar of the Wu Jian Council.
   786 | D:2      | Found an ancient bone altar of Kikubaaqudgha.
  1318 | D:3      | Reached XP level 4. HP: 32/38 MP: 4/4
  1430 | D:3      | Noticed Robin
  1461 | D:3      | Killed Robin
  1923 | D:3      | Found a glowing silver altar of Zin.
  2079 | D:3      | Found a runed translucent gate.
  2079 | D:3      | Found a runed translucent gate.
  2079 | D:3      | Found a runed translucent gate.
  2084 | D:3      | Noticed Chiseanne's ghost (amateur OpAE)
  2084 | D:3      | Noticed Sar's ghost (amateur OgCj)
  2085 | D:3      | Noticed ponobo's ghost (weakling DrCj)
  2438 | D:4      | Reached XP level 5. HP: 43/46 MP: 5/5
  2456 | D:4      | Noticed Ijyb
  2774 | D:4      | Killed Ijyb
  3235 | D:4      | Slain by an orc wizard

Levels and vault maps discovered:
D:1:      eino_arrival_tree_alley, layout_rooms, hex_tiny,
          minmay_misc_feat_secret_circle, chequers_serial_rivers_micro_a,
          corexii_item_surrounded_by_moat, cheibriados_altar_1
D:2:      layout_loops_cross, grunt_temple_overflow_open
D:3:      minmay_wonky_spiral, layout_loops_ring, zin_statuary,
          gammafunk_ghost_cemetery, uniq_robin
D:4:      layout_rooms, serial_shops, shop, first_ration, minivault_5, uniq_ijyb

Skill      XL: |  1  2  3  4  5 |
---------------+----------------+-----
Long Blades    | 2 3 4 |  4.1
Fighting       | 4 |  4.1
Shields        | 3 |  3.1
Armour         | |  2.1

Action                   |  1- 3 |  4- 6 || total
-------------------------+-------+-------++-------
Melee: Long sword        |    98 |   113 ||   211
       Kick              |    14 |    28 ||    42
  Use: Potion            |       |     1 ||     1
  Eat: Chunk             |     1 |     4 ||     5
Armor: Scale mail        |    47 |    83 ||   130
Dodge: Dodged            |    30 |    25 ||    55
Block: Shield            |    38 |    55 ||    93
       Rpst.: Long sword |    13 |    11 ||    24
